 Dungeon Crawl Stone Soup version 0.23.2-1-ga50397a (webtiles) character file.

Game seed: 85439178063771211

903 Boartato the Chiller (level 8, 0/57 HPs)
             Began as a Merfolk Ice Elementalist on May 7, 2019.
             Was a Believer of Sif Muna.
             Slain by a jackal (1 damage)
             ... on level 5 of the Dungeon.
             The game lasted 00:28:09 (5969 turns).

Boartato the Chiller (Merfolk Ice Elementalist)     Turns: 5969, Time: 00:28:10

Health: 0/57       AC:  5    Str:  8    XL:     8   Next: 7%
Magic:  12/14      EV: 13    Int: 17    God:    Sif Muna [**....]
Gold:   217        SH:  0    Dex: 14    Spells: 5/15 levels left

rFire    . . .     SeeInvis .   n - +2 whip (venom)
rCold    . . .     Gourm    .   (no shield)
rNeg     . . .     Faith    .   a - +0 robe
rPois    .         Spirit   .   s - +1 helmet
rElec    .         Reflect  .   y - +0 cloak {+Inv}
rCorr    .         Harm     +   (no gloves)
MR       .....                  (no boots)
Stlth    ++........             C - amulet of harm
HPRegen  0.19/turn              (no ring)
MPRegen  0.14/turn              (no ring)

@: lethally poisoned (0 -> -4), very slightly contaminated, divine energy
A: change form in water, swift swim, stealthy swim
a: Stop Divine Energy, Renounce Religion, Evoke Invisibility


You were on level 5 of the Dungeon.
You worshipped Sif Muna.
Sif Muna was pleased with you.
You were hungry.

You visited 1 branch of the dungeon, and saw 5 of its levels.

You collected 217 gold pieces.

Inventory:

Hand Weapons
 k - a +0 dagger
 n - a +2 whip of venom (weapon)
 z - a +0 mace of holy wrath
 A - a +3 quarterstaff of chaos
Missiles
 v - 7 tomahawks (quivered)
Armour
 a - a +0 robe (worn)
 s - a +1 helmet (worn)
 y - a +0 cloak of invisibility (worn)
Magical Staves
 w - an uncursed staff of summoning
Jewellery
 m - an uncursed ring of fire
 C - an amulet of harm (around neck)
Wands
 p - a wand of paralysis (9)
 r - a wand of polymorph (7)
 t - a wand of random effects (14)
Scrolls
 e - 2 scrolls of remove curse
 g - 4 scrolls of fog
 i - a scroll of amnesia
 D - a scroll of fear
Potions
 f - 2 potions of agility {unknown}
 h - a potion of resistance
 j - a potion of brilliance {unknown}
 l - a potion of cancellation
 o - a potion of mutation {unknown}
 q - a potion of flight {unknown}
 u - a potion of degeneration {unknown}
Comestibles
 c - 14 rations


   Skills:
 + Level 2.3 Fighting
 - Level 0.7 Short Blades
 - Level 2.6 Dodging
 - Level 2.1 Stealth
 + Level 4.3 Spellcasting
 * Level 3.1 Conjurations
 * Level 7.6 Ice Magic


You had 5 spell levels left.
You knew the following spells:

 Your Spells              Type           Power        Failure   Level  Hunger
a - Freeze                Ice            ####         1%          1    None
b - Ozocubu's Armour      Chrm/Ice       ###.....     10%         3    ###....
c - Throw Icicle          Conj/Ice       ###.....     17%         4    ####...
d - Throw Frost           Conj/Ice       ###...       2%          2    ##.....

Your spell library contained the following spells:

 Spells                   Type           Power        Failure   Level  Hunger
 Summon Ice Beast         Ice/Summ       ###.....     32%         4    ####...


Dungeon Overview and Level Annotations

Branches:
Dungeon (5/15)
 Temple: D:4-7

Altars:
Sif Muna
Yredelemnul
The Shining One

Annotations:
D:2 Grinder


Message History

The worker ant poisons you!
Really walk into that dispersal trap?
You enter a dispersal trap!
The worker ant blinks!
The jackal blinks! x4
The orc blinks!
The jackal blinks!
The orc blinks! x2; The jelly blinks!
The jackal blinks!
You blink.
* * * LOW HITPOINT WARNING * * *
You feel sick.
You hit the jelly.
Your hands burn!
* * * LOW HITPOINT WARNING * * *
The jelly is heavily wounded.
* * * LOW HITPOINT WARNING * * *
You feel sick.
The jackal bites you but does no damage.
The jelly misses you.
The jackal bites you but does no damage.
The crimson imp blinks!
* * * LOW HITPOINT WARNING * * *
You feel sick. The jackal bites you.
You die...

:.#.#.......#######.##......
..#.#§......)...........#.#####.#
###.##########.#.....h..........#
#. #.#............##### #
#.#...h.a.##†...# #
#5#o.......o....# #
#.#.h.....##....# #
#.#.hJo.^.##..>.# #
#.#@...########.#### #.######
#..... #.....# #####. #####.# #..
.# ###.# .# #..(# .. #.### #
#...# # #)#.#


You could see a jelly, a worker ant, a crimson imp, 2 orcs and 4 jackals.

Vanquished Creatures
  A sky beast (D:5)
  An ogre (D:4)
  A centaur (D:5)
  A howler monkey (D:4)
  A bullfrog skeleton (D:5)
  Crazy Yiuf (D:3)
  An orc priest (D:5)
  3 orc wizards
  Ijyb (D:3)
  4 worker ants
  A hound zombie (D:5)
  A hound skeleton (D:4)
  7 adders
  11 gnolls
  An adder skeleton (D:4)
  2 worms
  A dart slug (D:4)
  3 leopard geckos
  12 orcs
  8 bats
  4 giant cockroaches
  11 goblins
  12 hobgoblins
  4 jackals (D:4)
  4 quokkas
  3 frilled lizards
  7 kobolds
  7 rats
114 creatures vanquished.

Notes
Turn   | Place    | Note
-------+----------+-------------------------------------------
     0 | D:1      | Boartato the Merfolk Ice Elementalist began the quest for
                  | the Orb.
     0 | D:1      | Reached XP level 1. HP: 13/13 MP: 3/3
   380 | D:1      | Reached XP level 2. HP: 19/19 MP: 1/5
   646 | D:1      | Reached skill level 4 in Ice Magic
  1011 | D:2      | Reached XP level 3. HP: 24/24 MP: 6/6
  1242 | D:2      | Found a deep blue altar of Sif Muna.
  1259 | D:2      | Became a worshipper of Sif Muna the Loreminder
  1355 | D:2      | Reached XP level 4. HP: 19/30 MP: 2/7
  1524 | D:2      | Reached skill level 5 in Ice Magic
  1615 | D:2      | Found a glowing golden altar of the Shining One.
  2000 | D:3      | Noticed Ijyb
  2013 | D:3      | Killed Ijyb
  2013 | D:3      | Reached XP level 5. HP: 35/35 MP: 2/9
  2162 | D:3      | Reached * piety under Sif Muna
  2495 | D:3      | Learned a level 3 spell: Ozocubu's Armour
  2500 | D:3      | Learned a level 4 spell: Throw Icicle
  2590 | D:3      | Reached skill level 6 in Ice Magic
  2643 | D:2      | Reached XP level 6. HP: 10/41 MP: 7/11
  3060 | D:3      | Found a runed translucent door.
  3061 | D:3      | Noticed Crazy Yiuf
  3068 | D:3      | Killed Crazy Yiuf
  3068 | D:3      | Reached skill level 1 in Conjurations
  3129 | D:3      | Noticed Grinder
  3129 | D:3      | Paralysed by Grinder for 6 turns
  3848 | D:4      | Reached skill level 1 in Fighting
  4357 | D:4      | Reached XP level 7. HP: 45/48 MP: 10/12
  4500 | D:4      | Learned a level 2 spell: Throw Frost
  4522 | D:4      | Found a basalt altar of Yredelemnul.
  5301 | D:5      | Entered Level 5 of the Dungeon
  5304 | D:5      | Reached ** piety under Sif Muna
  5311 | D:5      | Reached skill level 7 in Ice Magic
  5931 | D:5      | Reached XP level 8. HP: 53/56 MP: 1/14
  5967 | D:5      | HP: 2/57 [poisoned by a worker ant]
  5969 | D:5      | Slain by a jackal

Skill      XL: |  1  2  3  4  5  6  7 |
---------------+----------------------+-----
Ice Magic      | 4 5 6 7 |  7.6
Spellcasting   | 3 4 |  4.3
Conjurations   | 1 3 |  3.1
Fighting       | 1 2 |  2.3
Short Blades   | |  0.7
Dodging        | |  2.6
Stealth        | |  2.1

Action                   |  1- 3 |  4- 6 |  7- 9 || total
-------------------------+-------+-------+-------++-------
Melee: Unarmed           |     1 |       |       ||     1
       Dagger            |    14 |    53 |       ||    67
       Whip              |       |    19 |    63 ||    82
 Cast: Freeze            |    37 |   102 |    15 ||   154
       Throw Icicle      |       |     3 |       ||     3
       Ozocubu's Armour  |       |     1 |     4 ||     5
       Throw Frost       |       |       |    45 ||    45
Invok: Divine Energy     |       |       |     1 ||     1
  Use: Scroll            |       |     9 |     4 ||    13
       Potion            |       |       |     6 ||     6
 Stab: Sleeping          |     2 |     5 |     1 ||     8
       Distracted        |     1 |       |       ||     1
  Eat: Chunk             |     2 |    10 |     7 ||    19
Armor: Robe              |    13 |    34 |    38 ||    85
Dodge: Dodged            |    36 |    87 |    71 ||   194
